[Event "ICC tourney 2532 (25 5)"]
[Site "Internet Chess Club"]
[Date "2021.04.25"]
[Round "7"]
[White "NATHAN, KAPIL:K12-15120535"]
[Black "MARTINEZ, JONATHAN:K12-14701133"]
[Result "1-0"]
[ICCResult "Black forfeits on time"]
[WhiteElo "1394"]
[BlackElo "1945"]
[Opening "French: Steinitz variation"]
[ECO "C11"]
[NIC "FR.04"]
[Time "15:01:25"]
[PlyCount "81"]
[TimeControl "1500+5"]

1. e4 e6 2. d4 d5 3. Nc3 Nf6 4. e5 Nfd7 5. Nf3 c5 6. Bb5 Nc6 7. Bxc6 bxc6
8. O-O cxd4 9. Qxd4 Bc5 10. Qg4 g6 11. Bh6 Ba6 12. Rfe1 Rb8 13. Rab1 Rb4
14. Qh3 Qb6 15. Nd1 Bf8 16. a3 Re4 17. Ne3 Nxe5 18. Ng5 Bxh6 19. Qxh6 Rxe3
20. Rxe3 Ng4 21. Qg7 Nxe3 22. Qxh8+ Ke7 23. Qxh7 Nxc2 24. Qxf7+ Kd6 25.
Qxe6+ Kc7 26. Qf7+ Kb8 27. Qxg6 Nd4 28. Re1 Bc8 29. Qd6+ Ka8 30. Re8 Kb7
31. Qb4 Nb5 32. Re7+ Kb8 33. a4 Nd4 34. Qxb6+ axb6 35. h4 Nf5 36. Rh7 d4
37. Kf1 Ba6+ 38. Ke1 d3 39. Nf3 c5 40. g4 Nd6 41. g5 { Black forfeits on
time } 1-0

[Event "ICC tourney 2532 (25 5)"]
[Site "Internet Chess Club"]
[Date "2021.04.25"]
[Round "7"]
[White "CYRIL DAVIS, GEOFFREY:K12-14879788"]
[Black "M ZHANG, ERIC:K12-14668426"]
[Result "1/2-1/2"]
[ICCResult "Game drawn by mutual agreement"]
[WhiteElo "2082"]
[BlackElo "2204"]
[Opening "Sicilian: Canal-Sokolsky (Nimzovich-Rossolimo, Moscow) attack"]
[ECO "B51"]
[NIC "SI.01"]
[Time "15:01:58"]
[PlyCount "77"]
[TimeControl "1500+5"]

1. e4 c5 2. Nf3 d6 3. Bb5+ Nd7 4. Bxd7+ Bxd7 5. O-O g6 6. c4 Bg7 7. d3 Nf6
8. Nc3 O-O 9. h3 a6 10. Rb1 b5 11. b4 bxc4 12. dxc4 cxb4 13. Rxb4 Bc6 14.
Re1 Nd7 15. Nd4 Rc8 16. Nd5 a5 17. Rb1 e6 18. Nxc6 Rxc6 19. Qa4 Ne5 20. Ne3
Qc7 21. Bd2 Ra8 22. Rec1 Nd3 23. Rf1 Nb2 24. Qb5 Rc5 25. Qb3 Nxc4 26. Nxc4
Rxc4 27. Rfc1 Rc5 28. Be3 Rc3 29. Rxc3 Qxc3 30. Qb8+ Qc8 31. Qxd6 Qd8 32.
Rd1 Qxd6 33. Rxd6 Bc3 34. Bd4 Rc8 35. a4 Bxd4 36. Rxd4 Rc1+ 37. Kh2 Ra1 38.
Kg3 Kg7 39. e5 { Game drawn by mutual agreement } 1/2-1/2

[Event "ICC tourney 2532 (25 5)"]
[Site "Internet Chess Club"]
[Date "2021.04.25"]
[Round "7"]
[White "PAI, RAHUL:K12-16742108"]
[Black "K ENG, ANDREW:K12-14538963"]
[Result "0-1"]
[ICCResult "White resigns"]
[WhiteElo "1776"]
[BlackElo "1106"]
[Opening "Ruy Lopez: Berlin defense"]
[ECO "C65"]
[NIC "RL.07"]
[Time "15:01:54"]
[PlyCount "144"]
[TimeControl "1500+5"]

1. e4 e5 2. Nf3 Nc6 3. Bb5 Nf6 4. d3 Bc5 5. Bxc6 dxc6 6. Nbd2 O-O 7. Nc4
Ng4 8. O-O Be6 9. Ne3 Nxe3 10. Bxe3 Bxe3 11. fxe3 f6 12. Qe2 Qe8 13. a3 a5
14. c3 b5 15. a4 Qd7 16. Nd2 Rfd8 17. d4 Bf7 18. b3 b4 19. cxb4 exd4 20.
bxa5 dxe3 21. Nc4 Qd3 22. Rfe1 Qxb3 23. Nxe3 Rxa5 24. Reb1 Qe6 25. Qf3 Re8
26. Rb7 Qxe4 27. Qxe4 Rxe4 28. Kf2 Kf8 29. Rxc7 Be8 30. Rb1 Raxa4 31. Rbb7
Rf4+ 32. Kg3 Rfe4 33. Kf2 f5 34. Rxg7 Ra2+ 35. Kf3 Ra3 36. Rxh7 Raxe3+ 37.
Kf2 Re2+ 38. Kf3 Kg8 39. Rbg7+ Kf8 40. Rb7 R4e3+ 41. Kf4 Re7 42. Rh8+ Kf7
43. Rh7+ Kf6 44. Rbxe7 Rxe7 45. Rh6+ Bg6 46. Rh3 Re4+ 47. Kf3 Rb4 48. Rh8
Ke5 49. h4 c5 50. h5 Rb3+ 51. Kf2 Rb2+ 52. Kf3 Bf7 53. h6 Kf6 54. h7 Kg7
55. Rc8 Kxh7 56. Rxc5 Bh5+ 57. Kf4 Bg6 58. g3 Kh6 59. Rc4 Rf2+ 60. Ke3 Rg2
61. Kf3 Rh2 62. g4 Rh4 63. Kg3 Kg5 64. Rb4 Rxg4+ 65. Rxg4+ fxg4 66. Kg2 Kf4
67. Kf2 g3+ 68. Kg2 Kg4 69. Kg1 Kf3 70. Kh1 g2+ 71. Kg1 Bf7 72. Kh2 Kf2 {
White resigns } 0-1

[Event "ICC tourney 2532 (25 5)"]
[Site "Internet Chess Club"]
[Date "2021.04.25"]
[Round "7"]
[White "GRABINSKY, JOSHUA:K12-14729181"]
[Black "BHALOO, ADAM:K12-15234397"]
[Result "1-0"]
[ICCResult "Black resigns"]
[WhiteElo "2315"]
[BlackElo "899"]
[Opening "Nimzovich-Larsen attack: classical variation"]
[ECO "A01"]
[NIC "VO.08"]
[Time "15:01:45"]
[PlyCount "118"]
[TimeControl "1500+5"]

1. b3 d5 2. Bb2 c6 3. e3 Nf6 4. Nf3 Bf5 5. c4 Nbd7 6. Nc3 e5 7. d3 Bc5 8.
Be2 O-O 9. cxd5 cxd5 10. d4 exd4 11. Nxd4 Bg6 12. O-O a6 13. Rc1 Re8 14. a3
Qe7 15. b4 Bb6 16. Bf3 Qd6 17. Na4 Ba7 18. Qb3 Bb8 19. g3 b5 20. Nc5 Ne5
21. Bg2 Ne4 22. Nxe4 Bxe4 23. Rfd1 Bxg2 24. Kxg2 Ra7 25. Ne2 Nc4 26. Nf4
Nxb2 27. Qxb2 Qe5 28. Qxe5 Bxe5 29. Rxd5 f6 30. Nd3 Bb8 31. Rc6 h5 32. Nc5
a5 33. Rxh5 axb4 34. axb4 Ra2 35. Ne6 Be5 36. Kf3 g6 37. Rh6 Kf7 38. Rh7+
Kg8 39. Rg7+ Kh8 40. Rd7 Raa8 41. Kg4 Ra2 42. f4 Bb8 43. f5 gxf5+ 44. Kxf5
Rxh2 45. Kg6 Bxg3 46. Rc5 Bf2 47. Rd8 Rxd8 48. Nxd8 Kg8 49. Ne6 Rg2+ 50.
Kxf6 Bxe3 51. Rxb5 Rf2+ 52. Ke7 Rf7+ 53. Kd6 Rf6 54. Rb8+ Kh7 55. Rb7+ Kh6
56. Ke5 Bg5 57. Nxg5 Kxg5 58. Rg7+ Rg6 59. Rxg6+ Kxg6 { Black resigns } 1-0

[Event "ICC tourney 2532 (25 5)"]
[Site "Internet Chess Club"]
[Date "2021.04.25"]
[Round "7"]
[White "PONNA, NIMAI:K12-15563890"]
[Black "METWALLY, ISMAEL:K12-14849072"]
[Result "0-1"]
[ICCResult "White checkmated"]
[WhiteElo "1535"]
[BlackElo "786"]
[Opening "Scotch: Schmidt variation"]
[ECO "C45"]
[NIC "SO.04"]
[Time "15:00:42"]
[PlyCount "232"]
[TimeControl "1500+5"]

1. e4 e5 2. Nf3 Nc6 3. d4 exd4 4. Nxd4 Nf6 5. Nc3 Bb4 6. Nxc6 bxc6 7. Bd3
O-O 8. Bd2 d5 9. O-O a5 10. Qf3 Re8 11. exd5 cxd5 12. a3 Bd6 13. Rfe1 Rxe1+
14. Rxe1 Bg4 15. Qe3 d4 16. Qg5 dxc3 17. Bxc3 Be6 18. Rd1 h6 19. Qh4 Nd5
20. Qxd8+ Rxd8 21. Bxa5 Rb8 22. b4 Nb6 23. c3 Nc4 24. Bxc4 Bxc4 25. h3 Be6
26. Rc1 Rb5 27. c4 Rb7 28. c5 Be7 29. a4 Kf8 30. b5 Ra7 31. Bd2 Rxa4 32. b6
cxb6 33. cxb6 Bd6 34. b7 Ke7 35. Rb1 Ra7 36. b8=Q Bxb8 37. Rxb8 Ra2 38.
Bb4+ Kf6 39. Kf1 Ra1+ 40. Ke2 Rg1 41. Bc3+ Kg6 42. g3 Bxh3 43. Rb6+ f6 44.
Kf3 Rc1 45. Bd2 Rc2 46. Be3 Rc3 47. Ke4 Bg2+ 48. Kd4 Ra3 49. Bf4 h5 50. Be3
Kf5 51. Rb5+ Kg4 52. Rb2 h4 53. gxh4 Kxh4 54. Rc2 g5 55. Rc7 f5 56. Rh7+
Kg4 57. Rg7 f4 58. Bd2 Ra2 59. Kd3 Be4+ 60. Kxe4 Rxd2 61. f3+ Kh4 62. Kf5
Rg2 63. Rg6 Ra2 64. Rg7 Ra3 65. Rh7+ Kg3 66. Kxg5 Ra5+ 67. Kg6 Kxf3 68. Rb7
Kg3 69. Rb1 f3 70. Rb3 Kg2 71. Rb2+ f2 72. Kh6 Kg1 73. Rb1+ f1=Q 74. Rxf1+
Kxf1 75. Kg6 Re5 76. Kf6 Re2 77. Kf5 Kg2 78. Kf4 Re7 79. Kf5 Kg3 80. Kf6
Re4 81. Kf5 Re2 82. Kf6 Rf2+ 83. Ke5 Rf3 84. Kd4 Rf4+ 85. Ke5 Rg4 86. Kf5
Rh4 87. Ke5 Rh1 88. Ke4 Rh8 89. Ke5 Rh2 90. Ke4 Rh7 91. Ke5 Rh3 92. Ke4 Kh4
93. Ke5 Rg3 94. Ke4 Kg4 95. Ke5 Rf3 96. Ke4 Kg3 97. Ke5 Rf4 98. Ke6 Kg4 99.
Kd5 Kf5 100. Kd6 Re4 101. Kd5 Kf4 102. Kd6 Re5 103. Kc6 Ke4 104. Kd6 Kd4
105. Kc6 Rd5 106. Kb6 Kc4 107. Kc7 Kc5 108. Kb7 Kb5 109. Kc7 Kc5 110. Kb7
Rd6 111. Kc7 Kd5 112. Kb7 Rc6 113. Ka7 Kd6 114. Kb7 Kd7 115. Ka7 Kc7 116.
Ka8 Ra6# { White checkmated } 0-1

[Event "ICC tourney 2532 (25 5)"]
[Site "Internet Chess Club"]
[Date "2021.04.25"]
[Round "7"]
[White "PRABHU, NAVEEN:K12-14949284"]
[Black "KOLAKALETI, SUSHEN:K12-15197630"]
[Result "0-1"]
[ICCResult "White checkmated"]
[WhiteElo "2037"]
[BlackElo "1676"]
[Opening "Giuoco Pianissimo"]
[ECO "C55"]
[NIC "IG.01"]
[Time "15:01:43"]
[PlyCount "138"]
[TimeControl "1500+5"]

1. e4 e5 2. Nf3 Nc6 3. Bc4 Nf6 4. d3 Bc5 5. c3 d6 6. O-O O-O 7. a4 a5 8.
Nbd2 Be6 9. h3 h6 10. Re1 Qd7 11. Bb5 Bxh3 12. gxh3 Qxh3 13. Nf1 Qg4+ 14.
Kh1 Qh3+ 15. N3h2 Bxf2 16. Re2 Ng4 17. Qc2 Bb6 18. Rg2 f5 19. Qe2 h5 20.
Bc4+ Kh8 21. Bg5 f4 22. Qf3 Qxf3 23. Nxf3 Nf2+ 24. Kh2 Rae8 25. N1d2 Ng4+
26. Kh3 Ne3 27. Rh2 Ne7 28. Bb3 Ng4 29. Re2 Nf2+ 30. Kg2 Nxd3 31. Nc4 Nc5
32. Bc2 Nc8 33. Rh1 g6 34. Kf1 Kh7 35. Rg2 Nd7 36. Nxb6 Ncxb6 37. b3 Nf6
38. Bxf6 Rxf6 39. Ke2 Nd7 40. Nh4 Rg8 41. Kf3 Nc5 42. b4 axb4 43. cxb4 Ne6
44. Kf2 Nd4 45. Bb1 g5 46. Nf5 Nxf5 47. exf5 Kh6 48. Be4 g4 49. Bf3 Kg5 50.
Bxb7 Rb8 51. Bc6 Rxb4 52. Ra1 h4 53. a5 h3 54. Rgg1 Rb2+ 55. Ke1 h2 56. Rh1
g3 57. Kf1 Rxf5 58. Bf3 Rf2+ 59. Ke1 Rxf3 60. Ra2 Re3+ 61. Kd1 f3 62. a6 g2
63. a7 gxh1=Q+ 64. Kd2 Re2+ 65. Kd3 Rxa2 66. a8=Q Rxa8 67. Kc3 Qc1+ 68. Kd3
Ra3+ 69. Ke4 Qc4# { White checkmated } 0-1

[Event "ICC tourney 2532 (25 5)"]
[Site "Internet Chess Club"]
[Date "2021.04.25"]
[Round "7"]
[White "LEVKOV, DANIEL:K12-14218690"]
[Black "CLASBY, DEREK:K12-15194211"]
[Result "1-0"]
[ICCResult "Black resigns"]
[WhiteElo "2159"]
[BlackElo "2286"]
[Opening "Giuoco Piano"]
[ECO "C54"]
[NIC "IG.02"]
[Time "15:01:44"]
[PlyCount "101"]
[TimeControl "1500+5"]

1. e4 e5 2. Nf3 Nc6 3. Bc4 Bc5 4. c3 Nf6 5. d3 O-O 6. Nbd2 d6 7. h3 a5 8.
Bb3 Be6 9. Nf1 d5 10. Qe2 a4 11. Bc2 dxe4 12. dxe4 h6 13. g4 Nd7 14. Ng3
Nb6 15. Nf5 Bc4 16. Qd2 Qxd2+ 17. Bxd2 Rfd8 18. Be3 Bxe3 19. Nxe3 Be6 20.
h4 g6 21. g5 h5 22. Ke2 Nc4 23. Nxc4 Bxc4+ 24. Ke3 Kf8 25. b3 Be6 26. bxa4
Ra5 27. Rhd1 Rda8 28. Bb3 Rc5 29. Rac1 Ke7 30. Rd3 Na5 31. Nd2 Ra6 32. f4
exf4+ 33. Kxf4 Rb6 34. Rb1 Bc4 35. Re3 Be6 36. Rd3 c6 37. Ke3 Ra6 38. Kd4
Nxb3+ 39. axb3 Rca5 40. c4 Ra8 41. Kc3 Bg4 42. Re1 Re5 43. Nf3 Bxf3 44.
Rxf3 Ke8 45. Kd4 Re7 46. Kc3 Ra5 47. Rfe3 Rae5 48. b4 Kd7 49. c5 Kc7 50.
Kd4 Rd5+ 51. exd5 { Black resigns } 1-0

[Event "ICC tourney 2532 (25 5)"]
[Site "Internet Chess Club"]
[Date "2021.04.25"]
[Round "7"]
[White "HUANG, ANDY:K12-14633373"]
[Black "XINJIAN LI, DAVID:K12-14899012"]
[Result "1-0"]
[ICCResult "Black checkmated"]
[WhiteElo "2334"]
[BlackElo "1936"]
[Opening "Réti opening"]
[ECO "A04"]
[NIC "QP.10"]
[Time "15:02:06"]
[PlyCount "171"]
[TimeControl "1500+5"]

1. Nf3 c5 2. b3 Nf6 3. Bb2 e6 4. e3 a6 5. c4 Be7 6. Be2 Nc6 7. O-O d6 8. d4
b6 9. Nc3 Bb7 10. Qd2 Qc7 11. Rfd1 Rd8 12. Rac1 Qb8 13. d5 exd5 14. Nxd5
Ba8 15. Nxf6+ gxf6 16. Nh4 Qc8 17. Qc2 Nb4 18. Qb1 Qe6 19. Bf3 Bxf3 20.
Nxf3 Rg8 21. Qxh7 Qg4 22. Ne1 Nxa2 23. Ra1 Nb4 24. Bc3 Rg7 25. Qb1 a5 26.
Bxb4 cxb4 27. Rd4 Qg5 28. Rd5 Qh6 29. Qe4 Rh7 30. Nf3 f5 31. Qxf5 Kf8 32.
Rad1 Qg6 33. Nd4 Rg7 34. Qxg6 Rxg6 35. Nb5 Ra8 36. Ra1 Bf6 37. Ra2 Be5 38.
f4 Bf6 39. Rxd6 Bh4 40. g3 Rxd6 41. Nxd6 Be7 42. Nf5 a4 43. Nxe7 Kxe7 44.
bxa4 Kd6 45. Kf2 Kc5 46. Ke2 Kxc4 47. Rc2+ Kb3 48. Rc6 Ra6 49. a5 Rxa5 50.
Rxb6 Ra2+ 51. Kf3 Rxh2 52. Ke4 Ka3 53. g4 b3 54. g5 b2 55. Kf5 Rc2 56. Kf6
Rc7 57. Rb8 Ka2 58. f5 b1=Q 59. Rxb1 Kxb1 60. e4 Kc2 61. e5 Kd3 62. e6 fxe6
63. fxe6 Rc4 64. e7 Re4 65. g6 Rf4+ 66. Kg5 Re4 67. g7 Rxe7 68. g8=Q Re5+
69. Kf4 Re4+ 70. Kf5 Rd4 71. Qb3+ Ke2 72. Ke5 Rd3 73. Qc2+ Ke3 74. Qg2 Rd2
75. Qh3+ Ke2 76. Ke4 Kd1 77. Ke3 Kc2 78. Qc8+ Kd1 79. Qc4 Rd6 80. Qa4+ Ke1
81. Qb4+ Kf1 82. Qxd6 Kg1 83. Ke2 Kg2 84. Qg6+ Kh2 85. Kf2 Kh1 86. Qh5# {
Black checkmated } 1-0

[Event "ICC tourney 2532 (25 5)"]
[Site "Internet Chess Club"]
[Date "2021.04.25"]
[Round "7"]
[White "VELIDANDLA, SARVAGNA:K12-15123300"]
[Black "DRUCKER, JACK:K12-16096906"]
[Result "1-0"]
[ICCResult "Black forfeits on time"]
[WhiteElo "1802"]
[BlackElo "1184"]
[Opening "Nimzo-Indian: 4.e3 O-O, 5.Bd3"]
[ECO "E47"]
[NIC "NI.11"]
[Time "15:02:45"]
[PlyCount "89"]
[TimeControl "1500+5"]

1. d4 Nf6 2. c4 e6 3. Nc3 Bb4 4. e3 O-O 5. Bd3 b6 6. Ne2 Bb7 7. O-O c5 8.
Qc2 cxd4 9. exd4 Nc6 10. Bg5 h6 11. Bh4 Rc8 12. Ne4 Be7 13. Bxf6 Bxf6 14.
Nd6 Nxd4 15. Nxd4 Bxd4 16. Nxb7 Qc7 17. Be4 d5 18. cxd5 Qxb7 19. Qd3 exd5
20. Bf5 Rc4 21. b3 Bxa1 22. bxc4 dxc4 23. Qxc4 Bf6 24. Re1 g6 25. Bxg6 Rc8
26. Qf4 Bg5 27. Be4 Qe7 28. Qf5 Qe6 29. Qh7+ Kf8 30. Qh8+ Ke7 31. Qxc8 Qxc8
32. Bf5+ Kd8 33. Rd1+ Kc7 34. Bxc8 Kxc8 35. Kf1 f5 36. Ke2 f4 37. Kf3 Kc7
38. Kg4 a5 39. a4 Kc6 40. Rc1+ Kb7 41. Rb1 Kc6 42. Rb5 Kc7 43. f3 Kc6 44.
Kh5 Kc7 45. h4 { Black forfeits on time } 1-0

[Event "ICC tourney 2532 (25 5)"]
[Site "Internet Chess Club"]
[Date "2021.04.25"]
[Round "7"]
[White "KATE LEE, YESUN:K12-15365623"]
[Black "H WILLIAMS, JOSHUA:K12-14759594"]
[Result "1-0"]
[ICCResult "Black checkmated"]
[WhiteElo "1891"]
[BlackElo "1217"]
[Opening "Queen's pawn game"]
[ECO "D02"]
[NIC "QP.08"]
[Time "15:01:05"]
[PlyCount "155"]
[TimeControl "1500+5"]

1. d4 d5 2. Nf3 e6 3. Bf4 Nf6 4. e3 Be7 5. Bd3 Nh5 6. Bg3 O-O 7. Nbd2 g6 8.
a3 Nxg3 9. hxg3 Bf6 10. c4 c5 11. Nb3 cxd4 12. exd4 dxc4 13. Bxc4 Nc6 14.
O-O b6 15. Qd2 Bb7 16. Rfd1 Ne7 17. Rac1 Bxf3 18. gxf3 h5 19. Rc2 h4 20.
Kg2 hxg3 21. fxg3 Kg7 22. Rh1 Nf5 23. Bd3 Bg5 24. f4 Qd5+ 25. Kg1 Nxg3 26.
Rh2 Bh6 27. Qe3 Qd6 28. Rxh6 Kxh6 29. Qxg3 Rh8 30. Rg2 Rag8 31. Qg5+ Kg7
32. Qe5+ Qxe5 33. dxe5 Rh3 34. Bc2 Rc8 35. Nd4 Rc4 36. Rd2 Rh4 37. Ne2 g5
38. b3 Rc7 39. fxg5 Rg4+ 40. Kf2 Rxg5 41. Be4 Rxe5 42. Bf3 Kf6 43. Nf4 Rc3
44. Rd3 Rc2+ 45. Ne2 Ra2 46. a4 Rb2 47. Rc3 Rc5 48. Re3 b5 49. b4 Rxb4 50.
axb5 Rbxb5 51. Nd4 Rb2+ 52. Be2 Rc4 53. Nb3 Rf4+ 54. Kg3 Rf5 55. Nd4 Rg5+
56. Kf2 Rd5 57. Nf3 a5 58. Ra3 Ke7 59. Ke3 Rb4 60. Bd3 f5 61. Nd2 f4+ 62.
Kf3 Rbd4 63. Ke2 e5 64. Nf3 Rb4 65. Ng5 Rb2+ 66. Kf3 Rd2 67. Be4 Rc5 68.
Bf5 Kf6 69. Ne4+ Kxf5 70. Nxc5 Rh2 71. Rxa5 Rh3+ 72. Kf2 Kg4 73. Ne4 Kf5
74. Nd6+ Kg5 75. Nf7+ Kg4 76. Nxe5+ Kf5 77. Nf3+ Kg4 78. Rg5# { Black
checkmated } 1-0

[Event "ICC tourney 2532 (25 5)"]
[Site "Internet Chess Club"]
[Date "2021.04.25"]
[Round "7"]
[White "KARP, RICHARD:K12-15130704"]
[Black "LIU, LEONARDO:K12-14879663"]
[Result "0-1"]
[ICCResult "White resigns"]
[WhiteElo "1633"]
[BlackElo "2042"]
[Opening "Nimzovich-Larsen attack: Indian variation"]
[ECO "A01"]
[NIC "VO.08"]
[Time "15:01:45"]
[PlyCount "138"]
[TimeControl "1500+5"]

1. b3 Nf6 2. Bb2 g6 3. Nf3 Bg7 4. c4 O-O 5. Nc3 d6 6. e3 e5 7. d4 Nbd7 8.
dxe5 dxe5 9. Be2 c6 10. O-O Kh8 11. Qd2 Ng8 12. Rfd1 f5 13. Na4 Qe8 14. c5
h6 15. Qa5 g5 16. Rd6 Ngf6 17. Bc4 e4 18. Re6 Qh5 19. Nd4 Ng4 20. h3 Nge5
21. Qc7 Nxc4 22. bxc4 Qf7 23. Qd6 Nf6 24. Re7 Qxc4 25. Nc3 Rf7 26. Qd8+ Rf8
27. Qd6 Qg8 28. Qc7 Ne8 29. Qd8 Bf6 30. Ne6 Bxe6 31. Qxa8 Bxe7 32. Qxb7 Bf6
33. Qxc6 Ng7 34. a4 Rc8 35. Qd6 Qf7 36. c6 Qc7 37. Qa3 Qxc6 38. Nb5 Bxb2
39. Qxb2 Qd7 40. Qf6 Kh7 41. Nd4 Qf7 42. Qe5 Qe7 43. a5 Rc5 44. Qb8 Qc7 45.
Qb4 Rc4 46. Qb5 Bc8 47. Qb3 Ba6 48. Qb2 Qe5 49. Qd2 Rc5 50. Qb4 Bd3 51. Qb7
Rxa5 52. Rxa5 Qxa5 53. Nc6 Qe1+ 54. Kh2 Qxf2 55. Qc7 Qxe3 56. Nxa7 f4 57.
Nc8 f3 58. Qg3 f2 59. Qxe3 f1=N+ 60. Kg1 Nxe3 61. h4 g4 62. g3 Nef5 63. h5
Nxh5 64. Nd6 Nxd6 65. Kf2 Nxg3 66. Kg2 e3 67. Kg1 e2 68. Kg2 e1=Q 69. Kh2
Ndf5 { White resigns } 0-1

[Event "ICC tourney 2532 (25 5)"]
[Site "Internet Chess Club"]
[Date "2021.04.25"]
[Round "7"]
[White "XIAO, EDWARD:K12-15784954"]
[Black "BIRADAVOLU, ASRITH:K12-14190950"]
[Result "0-1"]
[ICCResult "White resigns"]
[WhiteElo "1942"]
[BlackElo "1445"]
[Opening "Sicilian defense"]
[ECO "B30"]
[NIC "SI.31"]
[Time "15:01:36"]
[PlyCount "110"]
[TimeControl "1500+5"]

1. e4 c5 2. Nf3 Nc6 3. c3 g6 4. d4 cxd4 5. cxd4 d6 6. Nc3 Bg7 7. Be2 Nf6 8.
O-O O-O 9. h3 a6 10. Be3 b5 11. d5 Na5 12. b4 Nc4 13. Bxc4 bxc4 14. Nd4 Bd7
15. Qe2 Rc8 16. a4 e5 17. dxe6 fxe6 18. b5 axb5 19. axb5 d5 20. exd5 Nxd5
21. Nxd5 exd5 22. Rfb1 Re8 23. Qf3 Re4 24. Rd1 Qe8 25. Ra7 Ra8 26. b6 Rxa7
27. bxa7 Qa8 28. Nc2 Ba4 29. Rb1 Re8 30. Bf4 Qxa7 31. Qxd5+ Qf7 32. Ne3 c3
33. Rc1 Bb3 34. Qb5 c2 35. g3 Bb2 36. Rxc2 Bxc2 37. Qxb2 Bf5 38. Kh2 Qg7
39. Qb3+ Be6 40. Qa4 Bd7 41. Qc4+ Qf7 42. Qc3 g5 43. Bxg5 Qxf2+ 44. Ng2 Re2
45. Qc4+ Kg7 46. Qc3+ Kg6 47. Qd3+ Kxg5 48. h4+ Kh6 49. Qd6+ Kh5 50. g4+
Bxg4 51. Qd5+ Bf5 52. Qf7+ Bg6 53. Qd5+ Qf5 54. Qd1 Qf4+ 55. Kg1 Qf2+ {
White resigns } 0-1

[Event "ICC tourney 2532 (25 5)"]
[Site "Internet Chess Club"]
[Date "2021.04.25"]
[Round "7"]
[White "GUNDAM, ROHIT:K12-14908373"]
[Black "VENKATESH NATARAJAN, ARAVINTH:K12-17300200"]
[Result "1-0"]
[ICCResult "Black resigns"]
[WhiteElo "2190"]
[BlackElo "1824"]
[Opening "QGD semi-Slav: Meran variation"]
[ECO "D47"]
[NIC "SL.09"]
[Time "15:01:05"]
[PlyCount "133"]
[TimeControl "1500+5"]

1. d4 d5 2. c4 c6 3. Nf3 e6 4. e3 Nf6 5. Nc3 Nbd7 6. Bd3 dxc4 7. Bxc4 b5 8.
Be2 Bb7 9. O-O a6 10. Qc2 c5 11. Rd1 Rc8 12. dxc5 Bxc5 13. a3 Qc7 14. h3
O-O 15. Bd2 Ne5 16. Rac1 Ba7 17. Qb1 Qb8 18. e4 Ng6 19. Kf1 Nh5 20. Be1
Nhf4 21. h4 Rfd8 22. g3 Nxe2 23. Kxe2 Rxd1 24. Rxd1 Rd8 25. h5 Ne7 26. Bd2
h6 27. Be3 Bxe3 28. Kxe3 Qc7 29. Rxd8+ Qxd8 30. Qd3 Qc7 31. Qd4 Nc6 32. Qc5
Qd8 33. g4 Qc7 34. Nd4 Qd7 35. Nxc6 Bxc6 36. Qd4 Qc7 37. f4 f6 38. Qc5 Qb7
39. b4 Kf7 40. Qd6 Bd7 41. Ne2 Qc6 42. Qxc6 Bxc6 43. Nd4 Bd7 44. Nb3 Ke7
45. Nc5 Bc8 46. e5 Kd8 47. exf6 gxf6 48. g5 fxg5 49. fxg5 Ke7 50. gxh6 Kf7
51. Ke4 Kg8 52. Ke5 Kh7 53. Nxe6 Kxh6 54. Nc5 Kxh5 55. Kd6 Kg4 56. Kc7 Bf5
57. Kb6 Kf4 58. Nxa6 Bd3 59. Nc7 Ke5 60. Nxb5 Kd5 61. Nc7+ Kd6 62. Na6 Bf1
63. Nc5 Bc4 64. a4 Ke7 65. Kc7 Ke8 66. b5 Ke7 67. b6 { Black resigns } 1-0

[Event "ICC tourney 2532 (25 5)"]
[Site "Internet Chess Club"]
[Date "2021.04.25"]
[Round "7"]
[White "SG NATHAN, NITISH:K12-15494283"]
[Black "JAIN, SAMYAK:K12-15756642"]
[Result "1/2-1/2"]
[ICCResult "Game drawn by the 50 move rule"]
[WhiteElo "1941"]
[BlackElo "1358"]
[Opening "Queen's pawn, Mason variation"]
[ECO "D00"]
[NIC "QP.08"]
[Time "15:00:16"]
[PlyCount "252"]
[TimeControl "1500+5"]

1. d4 d5 2. Bf4 Nf6 3. e3 e6 4. Nd2 Nc6 5. c3 Bd6 6. Bg3 e5 7. dxe5 Bxe5 8.
Ngf3 Qe7 9. Bb5 Bd6 10. Nd4 Bd7 11. Bxc6 bxc6 12. N2f3 O-O 13. O-O c5 14.
Bxd6 Qxd6 15. Ne2 Bc6 16. Ng3 g6 17. h4 Rad8 18. h5 Ne4 19. Nxe4 dxe4 20.
Qxd6 cxd6 21. Nd2 Kg7 22. Rfd1 gxh5 23. Nc4 d5 24. Na5 Ba8 25. Rd2 c4 26.
b3 cxb3 27. axb3 Rc8 28. c4 dxc4 29. Nxc4 Rb8 30. Rxa7 Rxb3 31. Ne5 Rb5 32.
Nc4 Bd5 33. Nd6 Rc5 34. Ra4 f5 35. Rad4 Be6 36. Rb4 Kg6 37. Rb6 Kg5 38.
Nxe4+ fxe4 39. Rxe6 Rc4 40. Rd5+ Rf5 41. Rd2 Rc1+ 42. Kh2 Rf1 43. Rxe4
R1xf2 44. Rd7 Rf7 45. Re5+ Kg6 46. Rxf7 Rxf7 47. Re4 Kg5 48. Kg3 Rf6 49.
Re5+ Rf5 50. Re8 Rf6 51. e4 h4+ 52. Kh3 Rc6 53. Rg8+ Kf4 54. Rg4+ Ke5 55.
Rxh4 Rc7 56. Rg4 Rf7 57. g3 Kd4 58. Rh4 Re7 59. Kg2 Rf7 60. Rg4 Ke5 61. Kh3
Kd4 62. Kh4 Ke5 63. Kh5 Kd4 64. Kh6 Ke5 65. Rh4 Kd4 66. g4 Kxe4 67. g5+ Kf5
68. Rh1 Ra7 69. Rf1+ Kg4 70. Rg1+ Kf5 71. Kh5 Rg7 72. Rf1+ Ke5 73. Ra1 Kf5
74. Ra5+ Kf4 75. Rb5 Rd7 76. Rb8 Kf5 77. Rf8+ Ke5 78. Kh6 Ke6 79. Re8+ Kf5
80. Kh5 Kf4 81. Rf8+ Ke5 82. Rf1 Ke4 83. Rf8 Ke5 84. Kh6 Ke6 85. Rh8 Kf5
86. Rf8+ Kg4 87. Rf1 Rd6+ 88. Rf6 Rd7 89. Rb6 Kf4 90. Rb5 Kg4 91. Rc5 Kf4
92. Kh5 Re7 93. Rc4+ Kf5 94. Rc2 Rb7 95. Rf2+ Ke5 96. Kh6 Ke6 97. Rf3 Ke5
98. Rf8 Ke6 99. Rg8 Kf5 100. Rf8+ Ke5 101. Re8+ Kf5 102. Kh5 Rc7 103. Rf8+
Ke5 104. Rf2 Ra7 105. Kh6 Rb7 106. Rf1 Ra7 107. Rf2 Rb7 108. Rf3 Ra7 109.
Rb3 Rc7 110. Rf3 Rb7 111. Rf8 Rc7 112. Rh8 Kf5 113. Rf8+ Ke5 114. Kh5 Rb7
115. Rh8 Kf5 116. Kh6 Kf4 117. Kh5 Kf5 118. Rf8+ Ke4 119. Kh6 Ke5 120. Rg8
Kf5 121. Kh5 Rc7 122. Rf8+ Ke5 123. Rf1 Rb7 124. Re1+ Kf5 125. Rf1+ Ke5
126. Re1+ Kf4 { Game drawn by the 50 move rule } 1/2-1/2

[Event "ICC tourney 2532 (25 5)"]
[Site "Internet Chess Club"]
[Date "2021.04.25"]
[Round "8"]
[White "PAI, RAHUL:K12-16742108"]
[Black "CHARLES ENGERISER, WILSON:K12-14899274"]
[Result "1-0"]
[ICCResult "Black resigns"]
[WhiteElo "1776"]
[BlackElo "1089"]
[Opening "French: Marshall variation"]
[ECO "C10"]
[NIC "FR.04"]
[Time "17:01:54"]
[PlyCount "35"]
[TimeControl "1500+5"]

1. e4 e6 2. d4 d5 3. Nc3 c5 4. exd5 cxd4 5. Qxd4 Nc6 6. Qd1 exd5 7. Qxd5
Qxd5 8. Nxd5 Bd6 9. Nf3 Bb4+ 10. Bd2 Bxd2+ 11. Nxd2 Nge7 12. Nc7+ Kd7 13.
Nxa8 b6 14. O-O-O Bb7 15. Ne4+ Ke6 16. Nc7+ Kf5 17. Nd6+ Kf6 18. Nxb7 {
Black resigns } 1-0

[Event "ICC tourney 2532 (25 5)"]
[Site "Internet Chess Club"]
[Date "2021.04.25"]
[Round "8"]
[White "VENKATESH NATARAJAN, ARAVINTH:K12-17300200"]
[Black "HENRY MOSES, KOLE:K12-14682221"]
[Result "1-0"]
[ICCResult "Black resigns"]
[WhiteElo "1824"]
[BlackElo "1347"]
[Opening "Sicilian: closed"]
[ECO "B23"]
[NIC "SI.44"]
[Time "17:00:36"]
[PlyCount "61"]
[TimeControl "1500+5"]

1. e4 c5 2. Nc3 e6 3. f4 d5 4. Bb5+ Nc6 5. Bxc6+ bxc6 6. d3 Rb8 7. Nf3 d4
8. Ne2 Bd6 9. O-O h6 10. b3 Ba6 11. Qe1 f6 12. Qg3 g5 13. e5 fxe5 14. fxe5
Bf8 15. Qh3 Qd7 16. Nxg5 Bg7 17. Nxe6 Bxe5 18. Rf8+ Ke7 19. Rxb8 Bxb8 20.
Nxc5 Qxh3 21. gxh3 Bc8 22. Ba3 Bd6 23. Nxd4 Bd7 24. Re1+ Kd8 25. Nce6+ Bxe6
26. Nxe6+ Kd7 27. Bb2 Rh7 28. Ng7 Bc5+ 29. Kh1 Ne7 30. Ne6 Bd6 31. Nf8+ {
Black resigns } 1-0

[Event "ICC tourney 2532 (25 5)"]
[Site "Internet Chess Club"]
[Date "2021.04.25"]
[Round "8"]
[White "LENCZ, ETHAN:K12-15209290"]
[Black "PRAKASH SINGH, AAYUSH:K12-14598152"]
[Result "1-0"]
[ICCResult "Black checkmated"]
[WhiteElo "1070"]
[BlackElo "1787"]
[Opening "two knights defense: Bogolyubov variation"]
[ECO "C58"]
[NIC "KP.01"]
[Time "17:01:21"]
[PlyCount "31"]
[TimeControl "1500+5"]

1. e4 e5 2. Nf3 Nc6 3. Bc4 Nf6 4. Ng5 d5 5. exd5 Na5 6. Bb5+ c6 7. dxc6
bxc6 8. Qf3 Be7 9. a3 Bg4 10. Bxc6+ Kf8 11. Qc3 Rc8 12. Qxe5 Nxc6 13. Qe3
Nd4 14. O-O Nxc2 15. Qb3 Nxa1 16. Qxf7# { Black checkmated } 1-0